 Dungeon Crawl Stone Soup version 0.29.1-13-g9f3cf754e1 (webtiles) character file.

Game seed: 14820344294408985924

79 H0rd4k the Charlatan (level 4, -1/29 HPs)
             Began as an Octopode Artificer on Jan 25, 2023.
             Slain by a goblin
             ... wielding a +0 dagger
             ... led by Robin
              (3 damage)
             ... on level 3 of the Dungeon.
             The game lasted 00:02:00 (2892 turns).

H0rd4k the Charlatan (Octopode Artificer)           Turns: 2892, Time: 00:02:00

Health: -1/29      AC:  1    Str: 11    XL:     4   Next: 38%
Magic:  7/7        EV: 13    Int: 15    God:
Gold:   89         SH:  0    Dex: 12    Spells: 7/7 levels left

rFire   . . .      SeeInvis .     - Unarmed
rCold   + . .      Faith    .   (no shield)
rNeg    . . .      Spirit   .   (helmet restricted)
rPois   .          Reflect  .   (no amulet)
rElec   .          Harm     .   h - ring of ice
rCorr   .          Rampage  .   l - ring of protection from fire
Will    .....                   (no ring)
Stlth   +++.......              (no ring)
HPRegen 0.09/turn               (no ring)
MPRegen 0.10/turn               (no ring)
                                (no ring)
                                (no ring)

@: no status effects
A: almost no armour, amphibious, 8 rings, camouflage 1, gelatinous body 1,
(nimble swimmer 1), tentacles
a: no special abilities


You were on level 3 of the Dungeon.
You visited 1 branch of the dungeon, and saw 3 of its levels.

You collected 89 gold pieces.

Inventory:

Magical Staves
 n - a staff of conjuration
Jewellery
 h - a ring of ice (left tentacle)
 l - a ring of protection from fire (right tentacle)
Wands
 b - a wand of flame (13) (quivered)
 c - a wand of charming (15)
 d - a wand of iceblast (5)
Scrolls
 a - 5 scrolls of identify {unknown}
 e - 2 scrolls of immolation {unknown}
 f - a scroll of poison {unknown}
 g - a scroll of teleportation {unknown}
 i - a scroll of silence {unknown}
Potions
 j - a potion of cancellation {unknown}
 k - 2 potions of lignification {unknown}
 m - a potion of resistance {unknown}
 o - a potion of haste {unknown}
 p - a potion of mutation {unknown}
 q - a potion of brilliance {unknown}


   Skills:
 * Level 2.3 Fighting
 - Level 2.3 Dodging
 - Level 1.3 Stealth
 + Level 2.0 Unarmed Combat
 * Level 2.0 Spellcasting
 - Level 3.2 Evocations


You had 7 spell levels left.
You didn't know any spells.
Your spell library contained the following spells:

 Spells                   Type           Power      Damage    Failure   Level
 Freeze                   Ice            8%         1d3       22%         1
 Frozen Ramparts          Ice            4%         1d1       54%         3
 Hailstorm                Conj/Ice       2%         3d3       91%         4


Dungeon Overview and Level Annotations

Branches:
Dungeon (3/15)

Altars:

Annotations:
D:3 Natasha, Robin


Innate Abilities, Weirdness & Mutations

You cannot wear most types of armour.
You are amphibious.
You can wear up to eight rings at the same time.
Your skin changes colour to match your surroundings (Stealth+).
Your rubbery body absorbs attacks. (AC +1, EV +1)
((You are camouflaged when in or above water. (Stealth+)))
You have tentacles for arms and can constrict up to eight enemies at once.


Message History

No target in view!
No target in view!
Magic restored.
You see here a +1 dagger of venom.
You now have 89 gold pieces (gained 4).
Found a stone staircase leading down.
Robin, 3 goblins and 2 hobgoblins come into view. 3 goblins and an orc come into view.
The hobgoblin shouts!
Robin shouts!
The goblin shouts!
A hobgoblin comes into view.
The goblin shouts! x2; The hobgoblin shouts!
The goblin shouts! 3 orcs come into view.
The helpless orc fails to defend itself.
You tentacle-slap the orc. You grab the orc.
The orc is moderately wounded.
You constrict the orc. The orc hits you with a +0 mace.
You tentacle-slap the orc.
The orc is severely wounded.
You constrict the orc.
The orc shouts!
The orc closely misses you.
A goblin comes into view. It is wielding a +0 club.
The goblin shouts!
You tentacle-slap the orc.
You kill the orc!
Your Unarmed Combat skill increases to level 2!
The goblin attacks as you move away! The goblin hits you with a +0 dagger.
The orc hits you with a +0 mace.
An orc comes into view. It is wielding a +0 hand axe.
An orc comes into view. It is wielding a +0 dagger.
The goblin attacks as you move away! The goblin hits you with a +0 dagger.
The orc hits you with a +0 mace. The orc attacks as you move away!
The orc hits you with a +0 mace!
* * * LOW HITPOINT WARNING * * *
A dart slug comes into view.
The orc shouts!
You barely miss the orc. Your grab misses the orc.
The goblin hits you with a +0 dagger.
You die... #### ####....# #.o.w.... ### #@# # ...... . #g##o# #.##># # #ogoo#

#.##.# #.####
#.##.# #g# #.##.#
#.# #.##.#
#g#########.##.###
#.g.........##....
#.#########.....##


You could see a dart slug, 2 orcs, a hobgoblin and 4 goblins.

Vanquished Creatures
  2 adders (D:2)
  A worm (D:2)
  A dart slug (D:3)
  An orc (D:3)
  3 endoplasms
  4 giant cockroaches
  3 goblins
  4 hobgoblins
  4 jackals (D:1)
  6 kobolds
  A quokka (D:2)
  5 ball pythons
  5 bats
  9 frilled lizards
  5 rats
54 creatures vanquished.

Vanquished Creatures (others)
  8 plants (D:1)
8 creatures vanquished.

Grand Total: 62 creatures vanquished

Notes
Turn   | Place    | Note
-------+----------+-------------------------------------------
     0 | D:1      | H0rd4k the Octopode Artificer began the quest for the Orb.
     0 | D:1      | Reached XP level 1. HP: 13/13 MP: 1/1
   235 | D:1      | Reached XP level 2. HP: 18/18 MP: 3/3
   245 | D:1      | Reached skill level 1 in Spellcasting
  1102 | D:1      | Reached XP level 3. HP: 7/24 MP: 5/5
  1634 | D:2      | Reached skill level 1 in Unarmed Combat
  1920 | D:2      | Reached XP level 4. HP: 23/29 MP: 6/6
  2695 | D:3      | Noticed Natasha
  2879 | D:3      | Noticed Robin
  2892 | D:3      | Slain by a goblin

Illustrated notes

Levels and vault maps discovered:
D:1:      lemuel_arrival_behind_the_door_large, layout_loops_ring,
          minmay_lizard_king
D:2:      layout_rooms, nrook_campfire
D:3:      layout_loops_ring, mainiacjoe_overflow_catwalk,
          gammafunk_temple_overflow_claw, uniq_robin, uniq_natasha

Skill      XL: |  1  2  3  4 |
---------------+-------------+-----
Spellcasting   | 1 2 |  2.0
Unarmed Combat | 1 2 |  2.0
Fighting       | 2 |  2.3
Dodging        | |  2.3
Stealth        | |  1.3
Evocations     | |  3.2

Action                   |  1- 3 |  4- 6 || total
-------------------------+-------+-------++-------
Melee: Unarmed           |    95 |    46 ||   141
       Constrict         |    25 |    12 ||    37
       Tentacles         |    17 |     9 ||    26
       Punch             |     1 |       ||     1
Evoke: Wand              |     2 |       ||     2
 Stab: Sleeping          |    13 |     5 ||    18
Armor: Skin              |    12 |       ||    12
Dodge: Dodged            |    55 |    26 ||    81
